 Dungeon Crawl Stone Soup version 0.24.0-13-gcf9b319 (webtiles) character file.

Game seed: 12145821527666795828, levelgen mode: deterministic

5263 sanboga the Blocker (level 10, -5/56 HPs)
             Began as a Gargoyle Fighter on Dec 24, 2019.
             Was a Believer of Hepliaklqana.
             Killed by divine providence
             ... invoked by an orc priest
              (12 damage)
             ... on level 9 of the Dungeon.
             The game lasted 00:11:58 (7965 turns).

sanboga the Blocker (Gargoyle Fighter)              Turns: 7965, Time: 00:11:58

Health: -5/56      AC: 28    Str: 26    XL:     10   Next: 62%
Magic:  10/10      EV:  6    Int:  8    God:    Hepliaklqana [**....]
Gold:   320        SH: 13    Dex: 12    Spells: 9/9 levels left

rFire    . . .     SeeInvis .   a - +1 war axe
rCold    . . .     Gourm    .   c - +1 shield
rNeg     + . .     Faith    .   e - +0 plate armour
rPois    ∞         Spirit   .   y - +0 helmet
rElec    +         Reflect  .   A - +2 cloak
rCorr    +         Harm     .   o - +2 pair of gloves {Dex+3}
MR       .....     Rnd*Tele +   (no boots)
Stlth    ..........             (no amulet)
HPRegen  0.18/turn              l - +2 ring of strength
MPRegen  0.12/turn              g - ring of resist corrosion

@: flying
A: reduced essence, big wings, negative energy resistance 1, electricity
resistance, teleportitis 1, unbreathing, petrification resistance, rot immunity,
AC +7
a: Stop Flying, Recall Ancestor, Ancestor Identity, Renounce Religion


You were on level 9 of the Dungeon.
You worshipped Hepliaklqana.
Hepliaklqana was pleased with you.
You were not hungry.

You visited 2 branches of the dungeon, and saw 10 of its levels.

You collected 470 gold pieces.
You spent 150 gold pieces at shops.

Inventory:

Hand Weapons
 a - a +1 war axe (weapon)
Armour
 c - a +1 shield (worn)
 e - a +0 plate armour (worn)
 o - a +2 pair of gloves of dexterity (worn)
 y - a +0 helmet (worn)
 A - a +2 cloak (worn)
Jewellery
 g - a ring of resist corrosion (right hand)
 l - a +2 ring of strength (left hand)
 w - a +2 ring of evasion {unknown}
Wands
 i - a wand of flame (9)
 r - a wand of enslavement (1)
 s - a wand of iceblast (4)
 t - a wand of acid (12)
 v - a wand of polymorph (3)
Scrolls
 j - 2 scrolls of enchant armour
 m - 6 scrolls of teleportation
 p - 3 scrolls of remove curse
 q - a scroll of enchant weapon
 x - a scroll of fog
Potions
 b - 2 potions of ambrosia
 d - 4 potions of might
 h - a potion of haste
 k - 3 potions of mutation
 u - a potion of berserk rage
 z - a potion of resistance
Comestibles
 f - 21 rations
 B - 2 chunks of flesh


   Skills:
 + Level 7.6 Fighting
 * Level 8.4 Axes
 + Level 7.6 Armour
 * Level 10.4 Shields


You had 9 spell levels left.
You didn't know any spells.
Your spell library contained the following spells:

 Spells                   Type           Power        Failure   Level  Hunger
 Freeze                   Ice            #...         100%        1    ##.....
 Throw Frost              Conj/Ice       #.....       100%        2    ###....
 Ozocubu's Armour         Chrm/Ice       #.......     100%        3    ####...
 Summon Ice Beast         Ice/Summ       #.......     100%        4    #####..
 Throw Icicle             Conj/Ice       #.......     100%        4    #####..


Dungeon Overview and Level Annotations

Branches:
Dungeon (9/15)             Temple (1/1) D:6            Lair (0/6) D:9
    Orc: D:9-12

Altars:
Ashenzari
Cheibriados
Dithmenos
Elyvilon
Fedhas
Gozag
Hepliaklqana
Kikubaaqudgha
Makhleb
Nemelex Xobeh
Okawaru
Qazlal
Ru
Sif Muna
Trog
Uskayaw
Vehumet
Wu Jian
Xom
Yredelemnul
Zin
The Shining One

Shops:
D:5 [

Annotations:
D:4 1 runed translucent door


Innate Abilities, Weirdness & Mutations

You are resistant to torment.
Your stone body is resilient. (AC +7)
You are immune to poison.
You resist negative energy. (rN+)
You are resistant to electric shocks. (rElec)
You can survive without breathing.
You are immune to petrification.
You are immune to rotting.
Your life essence is reduced to manifest your ancestor. (-10% HP)
Your large and strong wings let you fly indefinitely.
You are occasionally teleported next to monsters.


Message History

You slash the orc!
You kill the orc!
You closely miss the orc warrior. You hit the orc.
The orc priest calls down the wrath of Beogh upon you.
Beogh smites you!
* * * LOW HITPOINT WARNING * * *
An orc comes into view. It is wielding a +0 war axe.
The orc hits you but does no damage.
The orc warrior hits you but does no damage.
You hear a shout!
Okay, then.
You feel better. The orc hits you but does no damage.
The orc priest calls down the wrath of Beogh upon you.
Beogh smites you!
* * * LOW HITPOINT WARNING * * *
You block the orc warrior's attack.
You feel better.
The orc priest calls down the wrath of Beogh upon you.
Beogh smites you!
You die... ####. #...... ## #...⌠. # #..o.. .. .)ooo

...##8o8##
.......o.
......oo#
......o@## # #
.........# .#
#
.........###.#
#
.............#
##
#?........####
#.
#......÷...#
#.
..#.......##
##
.#####.....##
# ##.....#


You could see 2 orc warriors, 3 orc priests and 4 orcs.

Vanquished Creatures
  A cyclops (D:9)
  3 yaks (D:9)
  Grum (D:8)
  A sky beast (D:5)
  3 ogres
  2 phantoms
  A wolf (D:8)
  2 centaurs
  A crocodile (D:8)
  2 bullfrogs
  A big kobold (D:8)
  A wyvern zombie (D:8)
  2 scorpions
  6 wights
  4 hounds
  2 orc priests
  2 jellies
  11 orc wizards
  An iguana (D:9)
  5 worker ants
  2 hound skeletons
  A howler monkey zombie (D:9)
  3 gnolls (D:4)
  14 adders
  3 shadow imps
  An ooze (D:3)
  2 adder skeletons (D:7)
  A dart slug (D:1)
  3 worms
  6 leopard geckos
  37 orcs
  4 bats (D:1)
  5 giant cockroaches
  12 goblins
  6 hobgoblins
  5 jackals
  5 kobolds
  7 quokkas
  5 frilled lizards
  6 rats
180 creatures vanquished.

Vanquished Creatures (collateral kills)
  A centaur skeleton (D:6)
  A hornet (D:9)
  2 yaks (D:9)
  2 ice beasts (D:9)
  2 phantoms (D:7)
  A wolf (D:8)
  2 ogres
  A bullfrog (D:8)
  2 wights (D:8)
  A howler monkey (D:6)
  A crimson imp (D:7)
  2 hounds (D:9)
  A jelly (D:8)
  2 orc wizards
  An iguana (D:7)
  A hound skeleton (D:7)
  2 adders (D:7)
  5 orcs
  A kobold (D:8)
31 creatures vanquished.

Vanquished Creatures (others)
  A hexer (D:9)
  A rat (D:3)
2 creatures vanquished.

Grand Total: 213 creatures vanquished

Notes
Turn   | Place    | Note
-------+----------+-------------------------------------------
     0 | D:1      | sanboga the Gargoyle Fighter began the quest for the Orb.
     0 | D:1      | Reached XP level 1. HP: 14/14 MP: 1/1
   196 | D:1      | Reached XP level 2. HP: 19/19 MP: 2/2
   562 | D:1      | Reached XP level 3. HP: 23/23 MP: 3/3
  1195 | D:2      | Reached skill level 4 in Shields
  1253 | D:2      | Reached XP level 4. HP: 29/29 MP: 4/4
  1719 | D:3      | Found a shimmering altar of Xom.
  1739 | D:3      | Reached XP level 5. HP: 19/33 MP: 5/5
  1887 | D:3      | Found a radiant altar of Vehumet.
  1908 | D:3      | Found a shadowy altar of Dithmenos.
  2006 | D:3      | Found a shimmering blue altar of Sif Muna.
  2006 | D:3      | Found a basalt altar of Yredelemnul.
  2011 | D:3      | Found a snail-covered altar of Cheibriados.
  2011 | D:3      | Found a sparkling altar of Nemelex Xobeh.
  2023 | D:3      | Found an ancient bone altar of Kikubaaqudgha.
  2626 | D:3      | Gained mutation: You are occasionally teleported next to
                  | monsters. [potion of mutation]
  2626 | D:3      | Gained mutation: You evolve. [potion of mutation]
  2626 | D:3      | Gained mutation: Your large and strong wings let you fly
                  | indefinitely. [potion of mutation]
  2743 | D:4      | Reached skill level 5 in Shields
  2743 | D:4      | Reached XP level 6. HP: 33/38 MP: 6/6
  2867 | D:4      | Found a white marble altar of Elyvilon.
  2868 | D:4      | Found a runed translucent door.
  2868 | D:4      | Noticed an angel
  3054 | D:4      | Noticed a phantom
  3120 | D:4      | Killed a phantom
  3187 | D:4      | Reached XP level 7. HP: 44/44 MP: 7/7
  3515 | D:5      | Entered Level 5 of the Dungeon
  3545 | D:5      | Reached skill level 6 in Shields
  3881 | D:5      | Lost mutation: You evolve. [evolution]
  3959 | D:5      | Found Ymipt's Antique Armour Shoppe.
  3964 | D:5      | Bought a pair of runed gloves for 150 gold pieces
  4083 | D:5      | Reached skill level 5 in Armour
  4084 | D:5      | Reached skill level 5 in Fighting
  4114 | D:5      | Reached XP level 8. HP: 41/49 MP: 8/8
  4339 | D:6      | Reached skill level 5 in Axes
  4451 | D:6      | Found a staircase to the Ecumenical Temple.
  4458 | Temple   | Entered the Ecumenical Temple
  4507 | Temple   | Became a worshipper of Hepliaklqana the Forgotten
  4599 | D:6      | Reached skill level 7 in Shields
  5105 | D:7      | Found a stormy altar of Qazlal.
  5116 | D:7      | Reached XP level 9. HP: 23/49 MP: 9/9
  5130 | D:7      | Reached skill level 8 in Shields
  5738 | D:7      | Reached * piety under Hepliaklqana
  6056 | D:8      | Reached skill level 9 in Shields
  6062 | D:8      | Noticed Grum
  6078 | D:8      | Killed Grum
  6388 | D:8      | Found a blossoming altar of Fedhas.
  6396 | D:8      | Reached XP level 10. HP: 54/54 MP: 10/10
  7063 | D:9      | Found a staircase to the Lair.
  7109 | D:9      | Reached ** piety under Hepliaklqana
  7110 | D:9      | Remembered your ancestor Gorog as a hexer
  7167 | D:9      | Found a hide-covered altar of Uskayaw.
  7204 | D:9      | Reached skill level 10 in Shields
  7210 | D:9      | Noticed a +0 dagger
  7210 | D:9      | Noticed a +0 dagger
  7283 | D:9      | Noticed a cyclops
  7533 | D:9      | Killed a cyclops
  7910 | D:9      | Found a bloodstained altar of Trog.
  7964 | D:9      | HP: 2/56 [orc priest/divine providence (12)]
  7965 | D:9      | Killed from afar by an orc priest

Levels and vault maps discovered:
D:1:      dpeg_arrival_chambers_temple_mockup, layout_basic,
          minmay_misc_feat_enclosed
D:2:      layout_loops_ring, first_ration
D:3:      layout_basic, lemuel_crystal_altar, old_standard_altar,
          grunt_temple_overflow_open, fiery_altar_vehumet
D:4:      minmay_bubble_buster, layout_cave_pods, lemuel_angel_altar
D:5:      layout_basic, serial_shops, kennysheep_little_box
D:6:      layout_rooms, minmay_temple_entry_slanted, minmay_misc_feat_columns,
          minmay_hedge_maze
D:7:      layout_loops_cross, nicolae_qazlal_general_emergency
D:8:      layout_layer_cave, fedhas_ov_isle_minmay, uniq_grum
D:9:      layout_cave_pods, dancing_weapons_uskayaw, overflow_temple_1_default,
          lair_entry_dummy, david_orc_5
Temple:   cyrus_temple_forest

Skill      XL: |  1  2  3  4  5  6  7  8  9 10 |
---------------+-------------------------------+-----
Axes           | 2 3 4 6 7 8 |  8.4
Shields        | 4 5 6 7 9 10 | 10.4
Armour         | 4 5 6 7 |  7.6
Fighting       | 4 5 6 7 |  7.6

Action                   |  1- 3 |  4- 6 |  7- 9 | 10-12 || total
-------------------------+-------+-------+-------+-------++-------
Melee: War axe           |   134 |   203 |   322 |    89 ||   748
Invok: Ancestor Identity |       |       |     1 |       ||     1
       Recall Ancestor   |       |       |       |     1 ||     1
       Ancestor Life: He |       |       |       |     1 ||     1
 Abil: Fly               |       |     1 |       |       ||     1
Evoke: Wand              |       |       |     5 |     1 ||     6
  Use: Scroll            |     5 |     5 |     7 |     2 ||    19
       Potion            |     1 |     3 |     1 |     2 ||     7
 Stab: Distracted        |       |       |     1 |     2 ||     3
  Eat: Chunk             |     1 |     7 |    11 |     5 ||    24
Armor: Scale mail        |    66 |       |       |       ||    66
       Plate armour      |    22 |   156 |   203 |    36 ||   417
Dodge: Dodged            |    50 |    37 |    61 |    11 ||   159
Block: Shield            |    90 |   119 |   212 |    39 ||   460
